 Dungeon Crawl Stone Soup version 0.18-a0-1554-g49b38aa (webtiles) character file.

163 Deemzul the Chopper (level 5, -2/47 HPs)
             Began as a Hill Orc Fighter on Mar 12, 2016.
             Slain by Menkaure (16 damage)
             ... on level 4 of the Dungeon.
             The game lasted 00:03:24 (1411 turns).

Deemzul the Chopper (Hill Orc Fighter)              Turns: 1411, Time: 00:03:24

Health: -2/47      AC:  7    Str: 20    XL:     5   Next: 44%
Magic:  5/5        EV:  7    Int:  8    God:
Gold:   96         SH:  9    Dex: 10    Spells: 0 memorised, 4 levels left

rFire  . . .     SeeInvis .     a - +0 war axe
rCold  . . .     Gourm    .     b - +0 scale mail
rNeg   . . .     Faith    .     c - +0 shield
rPois  .         Spirit   .     (no helmet)
rElec  .         Dismiss  .     (no cloak)
rCorr  .         Reflect  .     (no gloves)
SustAt .         Harm     .     (no boots)
MR     .....     Rnd*Tele +     (no amulet)
Stlth  ..........               (no ring)
                                d - ring of teleportation

@: not resistant to hostile enchantments, extremely unstealthy
A: no striking features
a: no special abilities


You were on level 4 of the Dungeon.
You were hungry.

You visited 1 branch of the dungeon, and saw 4 of its levels.

You collected 96 gold pieces.

Inventory:

Hand Weapons
 a - a +0 war axe (weapon)
Armour
 b - a +0 scale mail (worn)
 c - a +0 shield (worn)
 k - a +0 cloak
Jewellery
 d - a ring of teleportation (left hand)
Scrolls
 e - 2 scrolls of teleportation {unknown}
 m - a scroll of remove curse
Comestibles
 f - 3 bread rations
 h - 3 meat rations
 j - a beef jerky


   Skills:
 + Level 4.3 Fighting
 * Level 5.2 Axes
 - Level 4.1 Armour
 + Level 4.1 Shields


You had 4 spell levels left.
You didn't know any spells.

Dungeon Overview and Level Annotations

Branches:
Dungeon (4/15)
 Temple: D:4-7

Altars:
Sif Muna
Vehumet
Xom

Annotations:
D:3 Terence
D:4 Menkaure


Message History

Menkaure is moderately damaged.
Menkaure casts a spell.
Menkaure seems to speed up.
You barely miss Menkaure.
Menkaure is moderately damaged.
Menkaure hits you!
Your shield prevents you from hitting Menkaure.
Menkaure is moderately damaged.
Menkaure barely misses you.
Menkaure gestures at you while chanting.
Pain shoots through your body!
* * * LOW HITPOINT WARNING * * *
Unknown command.
Your shield and scale mail prevent you from hitting Menkaure.
Menkaure is moderately damaged.
You block Menkaure's attack. x2
You hit Menkaure but do no damage.
Menkaure is moderately damaged.
Menkaure hits you!
You die...

#. #. .. ##.
#.. #.# #####
#####.#......
#....@.....#
#.###M.....#
#..?...#
#........
########.


You could see Menkaure.

Vanquished Creatures
  A sky beast (D:3)
  An adder (D:2)
  An ooze (D:2)
  A worm (D:3)
  A dart slug (D:2)
  2 giant geckos (D:1)
  8 giant cockroaches
  7 goblins
  4 hobgoblins
  A ball python (D:3)
  6 bats
  3 giant newts
  6 kobolds
  A rat (D:3)
43 creatures vanquished.

Notes
Turn   | Place    | Note
--------------------------------------------------------------
     0 | D:1      | Deemzul the Hill Orc Fighter began the quest for the Orb.
     0 | D:1      | Reached XP level 1. HP: 19/19 MP: 1/1
    11 | D:1      | Reached skill level 3 in Axes
   165 | D:1      | Reached XP level 2. HP: 23/26 MP: 2/2
   664 | D:2      | Reached XP level 3. HP: 33/33 MP: 3/3
   702 | D:2      | Found a deep blue altar of Sif Muna.
   731 | D:2      | Found a radiant altar of Vehumet.
   802 | D:2      | Reached skill level 4 in Axes
   817 | D:2      | Found a shimmering altar of Xom.
   819 | D:2      | Found a shimmering altar of Xom.
   822 | D:2      | Found a shimmering altar of Xom.
   822 | D:2      | Found a shimmering altar of Xom.
  1224 | D:3      | Noticed a sky beast
  1245 | D:3      | Killed a sky beast
  1245 | D:3      | Reached skill level 5 in Axes
  1245 | D:3      | Reached XP level 4. HP: 15/41 MP: 4/4
  1245 | D:3      | Reached XP level 5. HP: 17/47 MP: 5/5
  1389 | D:3      | Noticed Terence
  1405 | D:4      | Noticed Menkaure
  1411 | D:4      | Slain by Menkaure

Vault maps used:
D:1:      minmay_arrival_radiant_lines, hangedman_abyss_or_decor_lesser_grid
D:2:      lemuel_blue_sif_altar, vehumet_crystals, xom_redecorated
D:3:      first_bread, uniq_natasha, uniq_terence
D:4:      lemuel_crystal_altar, kennysheep_mini, zin_angel, due_unseen_surprise,
          uniq_menkaure

Skill      XL: |  1  2  3 |
---------------+----------+-----
Axes           | 3 5 |  5.2
Fighting       | 4 |  4.3
Armour         | 4 |  4.1
Shields        | 4 |  4.1

Action                   |  1- 3 |  4- 6 || total
-------------------------+-------+-------++-------
Melee: War axe           |   127 |    15 ||   142
  Use: Potion            |     3 |       ||     3
       Scroll            |       |     6 ||     6
  Eat: Chunk             |     1 |       ||     1
